Map: Mech Depot LE

Players

soO - Winner!

  • Race: Zerg Zerg
  • Spawn Location: 7:00

SpeCial

  • Race: Terran Terran
  • Spawn Location: 1:00

Event: 2017 WCS Global Finals

VOD

Have the link to the VOD?

Description

Time

  • Played on: Nov. 4, 2017, 3:34 p.m.
  • Length: 8:32

All games in this series

Show
View Real Time Build Order
Export as new Build Order

soO Zerg - Winner!

Build Orders: Hatch First 

Get SALT Encoding   

  12  0:00  Drone  
  13  0:12  Overlord  
  13  0:16  Drone  
  14  0:30  Drone x2  
  14  0:34  Drone  
  17  0:51  Hatchery  
  17  0:54  Drone  
  17  0:57  Drone  
  18  1:09  Extractor  
  17  1:12  Spawning Pool  
  17  1:15  Drone  
  17  1:18  Drone  
  18  1:28  Drone  
  19  1:39  Overlord  
  19  1:58  Queen  
  19  1:59  Zergling x2  
  19  2:00  Zergling x2  
  23  2:03  Queen, Zergling x2  
  26  2:08  Metabolic Boost  
  26  2:23  Hatchery  
  26  2:25  Drone  
  26  2:29  Drone  
  27  2:32  Drone  
  27  2:35  Drone  
  29  2:38  Drone  
  30  2:46  Queen  
  32  2:51  Overlord  
  32  2:54  Drone  
  32  2:57  Drone  
  34  2:59  Drone  
  34  3:02  Drone  
  36  3:11  Drone x3  
  39  3:14  Drone  
  39  3:15  Overlord  
  39  3:19  Drone x2  
  42  3:25  Queen  
  44  3:33  Queen  
  46  3:36  Queen  
  46  3:38  Drone  
  46  3:41  Drone  
  50  3:43  Zergling x4  
  50  3:45  Drone  
  53  3:50  Overlord  
  53  3:52  Zergling x4  
  55  4:01  Overlord  
  55  4:02  Queen  
  57  4:04  Zergling x2  
  57  4:09  Drone x3  
  63  4:19  Overlord  
  61  4:24  Zergling x6  
  61  4:25  Zergling x2  
  61  4:26  Drone x2  
  61  4:32  Drone x4  
  61  4:33  Drone  
  61  4:35  Zergling x2  
  67  4:41  Roach Warren  
  67  4:44  Drone x2  
  66  4:47  Lair  
  66  4:48  Drone x3  
  66  4:51  Overlord  
  69  4:53  Overlord  
  69  4:55  Extractor, Drone  
  69  4:56  Extractor, Drone  
  69  5:04  Drone x2  
  69  5:05  Overlord  
  71  5:07  Drone  
  71  5:10  Drone  
  73  5:15  Drone x4  
  73  5:17  Drone  
  78  5:22  Roach, Evolution Chamber  
  78  5:23  Evolution Chamber  
  78  5:26  Roach  
  78  5:28  Roach  
  81  5:32  Roach x2, Extractor  
  81  5:33  Roach x2  
  88  5:37  Overlord  
  88  5:39  Roach  
  90  5:46  Drone x4  
  90  5:47  Glial Reconstitution  
  90  5:48  Zerg Missile Weapons Level 1  
  92  5:52  Drone x4  
  92  5:53  Drone  
  97  6:03  Zerg Ground Armor Level 1  
  97  6:04  Drone x3  
  100  6:05  Overlord  
  100  6:07  Extractor  
  100  6:10  Overseer  
  99  6:13  Drone  
  99  6:14  Drone x3  
  99  6:15  Roach, Extractor  
  99  6:16  Overlord  
  104  6:23  Hydralisk Den, Overlord  
  104  6:24  Overlord  
  102  6:26  Overlord  
  102  6:28  Overlord  
  102  6:34  Roach x3  
  102  6:36  Roach  
  110  6:41  Roach  
  110  6:44  Roach x4  
  110  6:45  Hatchery  
  119  6:48  Roach  
  119  6:51  Roach  
  119  6:52  Muscular Augments  
  123  6:59  Roach x5  
  133  7:07  Roach x2, Overlord  
  126  7:23  Hydralisk x7  
  126  7:25  Zergling x4  
  126  7:26  Zergling x2  
  143  7:31  Hydralisk x2  
  145  7:37  Overlord  
  145  7:38  Overlord  
  145  7:41  Infestation Pit  
  145  7:43  Hydralisk  
  140  7:47  Hydralisk  
  140  7:50  Overlord  
  130  7:55  Roach x3  
  130  7:57  Overlord  
  132  8:02  Hydralisk  
  132  8:04  Hydralisk  
  129  8:06  Roach, Zergling x8  
Show
View Real Time Build Order
Export as new Build Order

SpeCial Terran 

Build Orders: Hellion Opening, Mech 

Get SALT Encoding   

  12  0:00  SCV  
  13  0:12  SCV  
  14  0:20  Supply Depot  
  14  0:24  SCV  
  14  0:27  Refinery  
  15  0:42  SCV  
  16  0:46  Barracks  
  16  0:54  SCV  
  17  1:06  SCV  
  18  1:18  SCV  
  21  1:32  Reaper  
  21  1:33  Orbital Command  
  20  1:44  Command Center  
  20  1:57  Factory  
  20  1:59  SCV  
  21  2:10  Barracks Reactor  
  21  2:11  Supply Depot, SCV  
  22  2:17  Refinery  
  22  2:23  SCV  
  23  2:36  SCV  
  24  2:48  SCV  
  24  2:50  Hellion  
  29  2:51  Hellion  
  29  2:52  Reaper  
  29  2:56  Orbital Command  
  30  3:00  SCV, Armory  
  31  3:12  SCV, Hellion x2  
  36  3:22  SCV  
  36  3:24  Reaper, SCV  
  39  3:28  Supply Depot  
  39  3:34  Hellion  
  41  3:35  Hellion  
  41  3:37  SCV  
  41  3:38  SCV  
  45  3:49  SCV  
  45  3:50  Terran Vehicle Weapons Level 1  
  45  3:51  SCV  
  47  3:57  Cyclone  
  47  4:00  Cyclone  
  47  4:02  SCV  
  54  4:07  Supply Depot  
  54  4:09  SCV  
  53  4:14  SCV  
  54  4:24  SCV  
  54  4:28  SCV  
  54  4:29  Command Center  
  54  4:31  Hellion  
  48  4:33  Hellion  
  48  4:36  SCV  
  49  4:40  SCV  
  49  4:42  Factory  
  50  4:48  SCV  
  50  4:51  Supply Depot  
  50  4:52  Hellion  
  53  4:54  Hellion  
  53  4:56  SCV  
  53  4:57  Barracks Reactor  
  56  5:00  SCV  
  56  5:01  Refinery  
  56  5:02  Refinery  
  57  5:08  SCV  
  57  5:13  Supply Depot, Hellion  
  60  5:15  SCV, Hellion  
  60  5:20  Starport, SCV  
  64  5:27  SCV  
  67  5:32  SCV  
  67  5:35  Hellion  
  68  5:39  SCV  
  69  5:44  SCV  
  69  5:46  Cyclone x3  
  69  5:48  Supply Depot  
  79  5:51  SCV  
  79  5:56  SCV  
  81  5:57  Starport Tech Lab  
  81  5:58  Supply Depot  
  81  6:00  Terran Vehicle And Ship Armor Level 1  
  81  6:03  SCV  
  82  6:08  SCV  
  85  6:11  Hellion  
  85  6:15  SCV  
  85  6:16  Banshee  
  89  6:18  Factory, Hellion  
  89  6:19  Hellion  
  89  6:20  Factory, SCV  
  89  6:23  Hellion  
  96  6:28  SCV  
  96  6:30  Orbital Command  
  98  6:32  SCV  
  98  6:34  Factory  
  98  6:37  Factory  
  98  6:38  Supply Depot  
  98  6:40  SCV, Hellion  
  98  6:45  SCV  
  98  6:46  Armory  
  102  6:48  Hellion x2  
  102  6:52  SCV  
  107  6:55  SCV  
  107  6:57  SCV  
  107  6:59  Refinery  
  107  7:00  Refinery  
  109  7:04  SCV  
  109  7:07  SCV  
  109  7:08  Hellion x2  
  113  7:09  SCV  
  110  7:16  SCV  
  110  7:20  SCV  
  110  7:21  SCV  
  100  7:23  Factory Tech Lab x2  
  100  7:28  SCV  
  98  7:31  Hellion x3  
  98  7:32  SCV  
  98  7:33  Hellion, SCV  
  108  7:40  SCV  
  108  7:43  Siege Tank x2  
  108  7:44  SCV, Siege Tank  
  113  7:45  SCV  
  104  7:52  SCV  
  104  7:53  Hellion x2  
  104  7:56  SCV  
  104  7:57  SCV  
  106  8:04  SCV  
  94  8:08  SCV  
  94  8:09  SCV  
  92  8:16  SCV  
  97  8:20  Supply Depot  
Tags
 
Add a new tag
Caveats
  • Supply blocks, unpowered buildings, or Contaminate may cause inaccurate times.
  • Supply counts are checked every 10 seconds.